AoeStats
← Dazai

Arabia

510435393Analyzed
2v2 RM · 3d ago on Oct 1, 2026· 35m 35s· 4 players
Game mode
Random Map
Map size
Medium (4 player)
Population
200
Speed
Normal
Resources
Standard
Victory
Conquest
Starting age
Dark Age
Ending age
Imperial Age
RankedLock teamsTeams togetherTeam positionsShared explorationLock speedFull tech treeHidden civsTurbo modeCheats
Victory
Defeat
🇦🇷 Magyars · Argentina
1065
+15
🇦🇷 Aztecs · Argentina
1063
+15
🇲🇽 Portuguese · Mexico
1077
-16
🇨🇴 Ethiopians · Colombia
1013
-14
Dazai
6:48 Loom
9:28 Feudal Age
10:21 Double-Bit Axe
20:13 Castle Age
19:01 Scale Barding Armor
18:48 Gold Mining
19:51 Bloodlines
20:09 Horse Collar
20:55 Husbandry
26:31 Chain Barding Armor
PocholA!
7:37 Loom
10:29 Feudal Age
13:33 Double-Bit Axe
17:01 Forging
20:07 Castle Age
19:04 Scale Mail Armor
21:27 Gold Mining
21:21 Elite Skirmisher
21:25 Eagle Warrior
23:36 Iron Casting
24:17 Fletching
25:07 Squires
25:38 Padded Archer Armor
27:55 Arson
29:21 Bodkin Arrow
30:45 Bow Saw
31:17 Pikeman
Il-Diavolo-92
4:23 Loom
11:15 Feudal Age
16:23 Wheelbarrow
21:28 Castle Age
21:53 Pikeman
28:10 Forging
31:14 Scale Mail Armor
jadm9612
7:20 Loom
10:31 Feudal Age
18:13 Castle Age
17:12 Double-Bit Axe
18:32 Crossbowman
24:05 Fletching
24:54 Elite Skirmisher
26:50 Wheelbarrow
28:10 Scale Mail Armor
28:19 Scale Barding Armor
30:57 Forging
31:25 Husbandry
Connection lost

Rejoining the realm…

Still unreachable

The connection could not be restored.

Session expired

The server has moved on; the page needs a fresh start.